 Dungeon Crawl Stone Soup version 0.28.0-45-g0d030f2227 (webtiles) character file.

Game seed: 14218355034942982594

58 101zpm the Chiller (level 3, -1/26 HPs)
             Began as a Draconian Ice Elementalist on Apr 19, 2022.
             Slain by a goblin
             ... wielding a +0 club
             ... led by Robin
              (5 damage)
             ... on level 2 of the Dungeon.
             The game lasted 00:02:47 (1862 turns).

101zpm the Chiller (Draconian Ice Elementalist)     Turns: 1862, Time: 00:02:47

Health: -1/26      AC:  5    Str: 10    XL:     3   Next: 76%
Magic:  1/7        EV: 12    Int: 17    God:
Gold:   84         SH:  0    Dex: 11    Spells: 6/7 levels left

rFire   . . .      SeeInvis .   (no weapon)
rCold   . . .      Faith    .   (no shield)
rNeg    . . .      Spirit   .   (armour unavailable)
rPois   .          Reflect  .   (helmet restricted)
rElec   .          Harm     .   (no cloak)
rCorr   .          Rampage  .   (no gloves)
Will    .....                   (no boots)
Stlth   ++........              (no amulet)
HPRegen 0.08/turn               (no ring)
MPRegen 0.10/turn               (no ring)

@: no status effects
A: AC +5, unfitting armour, cold-blooded
a: no special abilities


You were on level 2 of the Dungeon.
You visited 1 branch of the dungeon, and saw 2 of its levels.

You collected 84 gold pieces.

Inventory:

Jewellery
 e - a ring of protection from fire
Scrolls
 a - a scroll of acquirement {unknown}
 g - a scroll of identify {unknown}
 h - a scroll of noise {unknown}
Potions
 b - a potion of curing {unknown}
 c - a potion of degeneration {unknown}
 d - a potion of flight {unknown}
 f - a potion of haste {unknown}


   Skills:
 + Level 0.1 Fighting
 + Level 2.1 Dodging
 + Level 1.7 Stealth
 + Level 0.1 Unarmed Combat
 + Level 2.8 Spellcasting
 + Level 4.7 Ice Magic


You had 6 spell levels left.
You knew the following spells:

 Your Spells              Type           Power      Damage    Failure   Level
a - Freeze                Ice            72%        1d9       2%          1

Your spell library contained the following spells:

 Spells                   Type           Power      Damage    Failure   Level
 Frozen Ramparts          Ice            36%        1d5       8%          3
 Ozocubu's Armour         Ice            18%        N/A       8%          3
 Hailstorm                Conj/Ice       10%        3d5       56%         4
 Fireball                 Conj/Fire      1%         3d3       99%         5
 Starburst                Conj/Fire      1%         6d3       100%        6
 Ignition                 Fire           1%         3d3       100%        8


Dungeon Overview and Level Annotations

Branches:
Dungeon (2/15)

Altars:
Sif Muna

Shops:
D:1 (

Annotations:
D:2 Robin


Innate Abilities, Weirdness & Mutations

Your plain brown scales are hard. (AC +5)
You cannot fit into any form of body armour.
You are cold-blooded and may be slowed by cold attacks.


Message History

Press: ? - help, Q - select action Shift-Dir - straight line, f - goblin
Aim: a goblin, wielding a +0 club (strong)
You freeze the goblin.
You kill the goblin!
Aiming: Freeze (safe; 2% risk of failure)
Press: ? - help, Q - select action Shift-Dir - straight line, f - Robin
Aim: Robin, wielding a +0 short sword, wearing a +0 animal skin and wearing a +0 helmet You freeze Robin!
Robin is heavily wounded.
Robin says, "My goblins will feast on your bones."
Robin barely misses you.
Aiming: Freeze (safe; 2% risk of failure)
Press: ? - help, Q - select action Shift-Dir - straight line, f/p - Robin
Aim: Robin, wielding a +0 short sword, wearing a +0 animal skin and wearing a +0 helmet (heavily wounded)
You freeze Robin.
Robin is severely wounded.
Robin hits you with a +0 short sword.
You don't have enough magic to cast this spell.
You don't have enough magic to cast this spell.
You hit Robin.
Robin is severely wounded.
Robin hits you but does no damage.
You hit Robin.
Robin is almost dead.
Robin hits you with a +0 short sword.
You hit Robin but do no damage. You tail-slap Robin, but do no damage.
Robin is almost dead.
Robin throws the goblin at you!
You closely miss Robin. You tail-slap Robin.
Robin is almost dead.
The goblin closely misses you. Robin hits you with a +0 short sword.
You barely miss Robin.
Robin is almost dead.
The goblin hits you with a +0 club.
* * * LOW HITPOINT WARNING * * *
Robin barely misses you.
You barely miss Robin.
Robin is almost dead.
The goblin hits you with a +0 club.
You die...

##.###.#.# ###
#####.## ##...
##.###......###...<
#......#.###.#.##..
##.#####.# ##.###..
#.# #.# ### #.. #.#
#.# #.. #g# #.# #.#
#@# #.# #.# #g# #.#
#.# #g#
#.########.# #.#
........# #.#
#######.. #.# #.#
#.# #.# #.# #.# #.
#.#


You could see Robin and 2 goblins.

Vanquished Creatures
  Terence (D:2)
  A dart slug (D:1)
  2 ball pythons
  4 endoplasms
  A giant cockroach (D:2)
  7 goblins
  4 hobgoblins (D:1)
  2 kobolds (D:2)
  3 bats (D:1)
  A frilled lizard (D:2)
  A rat (D:2)
27 creatures vanquished.

Notes
Turn   | Place    | Note
-------+----------+-------------------------------------------
     0 | D:1      | 101zpm the Draconian Ice Elementalist began the quest for
                  | the Orb.
     0 | D:1      | Reached XP level 1. HP: 14/14 MP: 3/3
   118 | D:1      | Found Efatash's Weapon Shoppe.
   181 | D:1      | Reached XP level 2. HP: 18/20 MP: 1/5
   915 | D:1      | Found a faded altar of an unknown god.
  1086 | D:2      | Found a shimmering blue altar of Sif Muna.
  1165 | D:2      | Noticed Terence
  1176 | D:2      | Killed Terence
  1177 | D:2      | Reached XP level 3. HP: 4/26 MP: 0/6
  1462 | D:2      | Noticed Robin
  1862 | D:2      | Slain by a goblin

Illustrated notes

Levels and vault maps discovered:
D:1:      mainiacjoe_arrival_reflecting_pool, layout_basic,
          hellmonk_ecumenical_altar_leap_of_faith, serial_shops,
          nicolae_shop_bloodbath_and_beyond
D:2:      layout_loops_ring, basic_altar, uniq_robin, uniq_terence

Skill      XL: |  1  2 |
---------------+-------+-----
Dodging        | 2 |  2.1
Fighting       | |  0.1
Stealth        | |  1.7
Unarmed Combat | |  0.1
Spellcasting   | |  2.8
Ice Magic      | |  4.7

Action                   || total
-------------------------++-------
Melee: Unarmed           ||    21
       Tailslap          ||     7
 Cast: Freeze            ||    43
Armor: Skin              ||    14
Dodge: Dodged            ||    27
